 Dungeon Crawl Stone Soup version 0.31-a0-632-g766dd24fdf (webtiles) character file.

Game seed: 11854351342452302875

50 dialectric the Changeling (level 3, -1/18 HPs)
             Began as a Vine Stalker Shapeshifter on Aug 26, 2023.
             Was a High Priest of Ignis.
             Slain by a black bear (2 damage)
             ... on level 3 of the Dungeon.
             The game lasted 00:01:31 (1483 turns).

dialectric the Changeling (VSSh)                    Turns: 1483, Time: 00:01:31

Health: -1/18      AC:  2    Str: 19    XL:     3   Next: 79%
Magic:  0/4        EV: 12    Int:  8    God:    Ignis [*****.]
Gold:   87         SH:  0    Dex: 14    Spells: 2/2 levels left

rFire   + .          .
                       - Unarmed
rCold   . . .        (no shield)
rNeg    . . .        a - +0 animal skin
rPois   .            (helmet currently unavailable)
rElec   .            (cloak currently unavailable)
rCorr   .            (gloves currently unavailable)
SInv    .            (boots currently unavailable)
Will    .....        (no amulet)
Stlth   ++           (no ring)
HPRegen 0.23/turn    (no ring)
MPRegen 0.09/turn

%: guardian spirit
@: beast-form
A: beast (slay +2), fangs 2, magic shield, antimagic bite, no potion heal 2
a: Begin Untransformation, Renounce Religion, Fiery Armour, Foxfire Swarm,
Rising Flame


You were on level 3 of the Dungeon.
You worshipped Ignis.
Ignis was extremely pleased with you.
You were a hulking beast.
You visited 1 branch of the dungeon, and saw 3 of its levels.

You collected 87 gold pieces.

Inventory:

Armour
 a - a +0 animal skin (worn)
 e - a +1 cloak
 f - a +0 pair of boots
 l - a +0 buckler
Talismans
 c - a beast talisman (active)
 d - a flux talisman
Scrolls
 g - a scroll of amnesia {unknown}
 h - 2 scrolls of identify
 j - a scroll of fear {unknown}
 k - a scroll of teleportation {unknown}
 m - a scroll of revelation {unknown}
 n - a scroll of vulnerability {unknown}
 p - a scroll of immolation {unknown}
 q - a scroll of blinking {unknown}
Potions
 b - a potion of lignification
 i - a potion of curing
 o - a potion of attraction {unknown}


   Skills:
 * Level 1.5 Fighting
 + Level 1.9 Dodging
 + Level 0.8 Stealth
 - Level 3.1 Unarmed Combat
 + Level 3.7 Shapeshifting


You had 2 spell levels left.
You didn't know any spells.
Your spell library contained the following spells:

 Spells                   Type           Power      Damage    Failure   Level
 Sting                    Tmut/Pois      0%         1d3       41%         1
 Blink                    Tloc           0%         N/A       54%         2
 Ensorcelled Hibernation  Hex/Ice        0%         N/A       54%         2
 Lesser Beckoning         Tloc           0%         N/A       54%         2
 Momentum Strike          Conj/Tloc      0%         3d8       54%         2
 Passwall                 Tmut/Erth      0%         N/A       54%         2
 Poisonous Vapours        Pois/Air       0%         N/A       54%         2
 Dazzling Flash           Conj/Hex       0%         N/A       78%         3
 Swiftness                Air            0%         N/A       78%         3
 Volatile Blastmotes      Fire/Tloc      0%         2d10      78%         3
 Olgreb's Toxic Radiance  Pois           0%         N/A       99%         4
 Simulacrum               Ice/Necr       0%         N/A       100%        6
 Starburst                Conj/Fire      0%         6d3       100%        6
 Ozocubu's Refrigeration  Ice            0%         4d7       100%        7
 Maxwell's Capacitive Co  Air            0%         ∞         100%        8
 Polar Vortex             Ice            0%         N/A       100%        9


Dungeon Overview and Level Annotations

Branches:
Dungeon (3/15)

Altars:
Ignis


Innate Abilities, Weirdness & Mutations

You are a hulking beast.
Your limbs bulge with bestial killing power. (Slay +2)
You have extremely sharp teeth.
When hurt, damage is shared between your health and your magic reserves.
Your bite disrupts and absorbs the magic of your enemies.
Potions cannot restore your health.


Message History

A black bear is nearby!
You hit the black bear but do no damage.
The black bear bites you but does no damage.
The black bear claws you. The black bear misses you.
A black bear is nearby!
A black bear is nearby!
You hit the black bear. You bite the black bear. You drain its power.
The black bear is moderately wounded.
The black bear bites you. The black bear claws you.
The black bear barely misses you.
You hit the black bear.
The black bear is heavily wounded.
The black bear bites you. The black bear barely misses you.
The black bear claws you.
You are too injured to fight recklessly!
You are too injured to fight recklessly!
You are too injured to fight recklessly!
You are too injured to fight recklessly!
You hit the black bear but do no damage.
Your bite misses the black bear.
The black bear is heavily wounded.
The black bear bites you but does no damage.
The black bear claws you but does no damage.
The black bear barely misses you.
You barely miss the black bear.
The black bear is moderately wounded.
The black bear bites you. The black bear completely misses you.
The black bear claws you.
You hit the black bear.
The black bear is moderately wounded.
The black bear closely misses you. The black bear claws you. x2
* * * LOW HITPOINT WARNING * * *
You barely miss the black bear.
You bite the black bear, but do no damage.
The black bear is moderately wounded.
The black bear barely misses you. x2; The black bear closely misses you.
You hit the black bear.
The black bear is heavily wounded.
The black bear bites you.
You die...

#.....# .....#
#....#
#....####
P....#.......#
... ......#
... #.h.# .P.
#h# ### #.#
#.# #.# #.#
###.##
#.####....####
#.<..........#
######.#####.#
##P#.#.#P #.
##.P#.#.PP P.


You could see a black bear.

Vanquished Creatures
  2 adders
  3 endoplasms
  3 goblins
  4 hobgoblins
  3 kobolds
  7 ball pythons
  5 frilled lizards
  5 rats
32 creatures vanquished.

Notes
Turn   | Place    | Note
-------+----------+-------------------------------------------
     0 | D:1      | dialectric the Vine Stalker Shapeshifter began the quest
                  | for the Orb.
     0 | D:1      | Reached XP level 1. HP: 9/9 MP: 2/2
   129 | D:1      | Reached skill level 1 in Fighting
   376 | D:1      | Reached XP level 2. HP: 14/14 MP: 3/3
   423 | D:1      | Found a faded altar of an unknown god.
   431 | D:1      | Prayed at the altar of an unknown god.
   431 | D:1      | Became a worshipper of Ignis, the Dying Flame
   954 | D:2      | Reached XP level 3. HP: 18/18 MP: 4/4
  1474 | D:3      | Noticed a black bear
  1483 | D:3      | Slain by a black bear

Illustrated notes

Levels and vault maps discovered:
D:1:      lightli_arrival_quake, layout_basic, chequers_ecumenical_altar_lobes
D:2:      layout_rooms, minmay_liquid_box, minivault_11, kennysheep_potato
D:3:      layout_loops_corners, amcnicky_altar_gilded, grunt_gozag_statues,
          serial_aquarium, aquarium_bridge_long_separate
          [aquarium_subvault_bridge, aquarium_subvault_bridge,
          aquarium_subvault_bridge, aquarium_subvault_wall,
          aquarium_subvault_balcony, aquarium_subvault_bridge],
          aquarium_window_corner, aquarium_window_fake, aquarium_window_fake,
          aquarium_window_fake, aquarium_view_4, aquarium_view_2f,
          aquarium_balcony_5b, aquarium_pool_corner

Skill      XL: |  1 |
---------------+----+-----
Fighting       | 1 |  1.5
Dodging        | |  1.9
Stealth        | |  0.8
Unarmed Combat | |  3.1
Shapeshifting  | |  3.7

Action                     || total
---------------------------++-------
  Melee: Unarmed           ||    81
         Bite              ||    16
         Punch             ||     2
    Use: Scroll            ||     1
   Stab: Sleeping          ||     1
 Armour: Animal skin       ||    10
  Dodge: Dodged            ||    48

Table legend: (Time is in decaauts)
 A = Elapsed time spent in this place.
 B = Non-inter-level travel time spent in this place.
 C = Inter-level travel time spent in this place.
 D = Time resting spent in this place.
 E = Time spent auto-exploring this place.
 F = Levels seen in this place.
 G = Mean time per level.
                   A        B        C        D        E       F      G
               +--------+--------+--------+--------+--------+-----+--------+
         Total |   1479 |   1441 |     38 |      0 |   1171 |   3 |  493.0 |
       Dungeon |   1479 |   1441 |     38 |      0 |   1171 |   3 |  493.0 |
               +--------+--------+--------+--------+--------+-----+--------+

Top non-repeatable levels by time:
     D:1: 789 daAuts
     D:2: 661 daAuts
     D:3: 29 daAuts
